 Dungeon Crawl Stone Soup version 0.17.0-28-g6e173f8 (webtiles) character file.

93 veneficus the Conjurer (level 4, -7/24 HPs)
             Began as a Deep Elf Conjurer on Dec 1, 2015.
             Mangled by bollicks1999's ghost (14 damage)
             ... on level 3 of the Dungeon.
             The game lasted 00:11:54 (2050 turns).

veneficus the Conjurer (Deep Elf Conjurer)          Turns: 2050, Time: 00:11:55

Health: -7/24      AC:  2    Str: 11    XL:     4   Next: 36%
Magic:  12/12      EV:  8    Int: 20    God:
Gold:   129        SH:  0    Dex: 15    Spells: 2 memorised, 8 levels left

rFire  . . .     SeeInvis .     j - +1 dagger (venom)
rCold  . . .     Clarity  .     e - +0 robe
rNeg   . . .     SustAt   .     (no shield)
rPois  .         Gourm    .     (no helmet)
rElec  .         Spirit   .     (no cloak)
rCorr  .         Warding  .     (no gloves)
rMut   .         Stasis   .     (no boots)
MR     .....                    (no amulet)
Stlth  ++........               (no ring)
                                q - +5 ring of strength

@: not resistant to hostile enchantments, unstealthy
A: no striking features
a: no special abilities


You were on level 3 of the Dungeon.
You were not hungry.

You visited 1 branch of the dungeon, and saw 3 of its levels.

You collected 129 gold pieces.

Inventory:

Hand Weapons
 j - a +1 dagger of venom (weapon)
Missiles
 d - 6 needles of sleeping
 o - 16 poisoned needles
Armour
 e - a +0 robe (worn)
 h - a +0 robe
Jewellery
 q - a +5 ring of strength (left hand)
Scrolls
 i - 2 scrolls of teleportation
 l - a scroll of fear {unknown}
 p - a scroll of fog {unknown}
 s - a scroll of remove curse
Potions
 a - a potion of heal wounds {unknown}
 f - a potion of brilliance {unknown}
 g - a potion of curing {unknown}
 m - a potion of flight {unknown}
Books
 b - a book of Conjurations

   Spells                             Type                      Level
   a - Magic Dart                     Conjuration                  1
   b - Searing Ray                    Conjuration                  2
   c - Dazzling Spray                 Conjuration/Hexes            3
   d - Fulminant Prism                Conjuration/Hexes            4
   e - Iskenderun's Mystic Blast      Conjuration                  4
   f - Iskenderun's Battlesphere      Conjuration/Charms           5
Comestibles
 c - 2 bread rations
 k - a beef jerky
 n - 3 fruits


   Skills:
 - Level 0.1 Fighting
 - Level 3.4 Dodging
 - Level 2.4 Stealth
 - Level 4.0 Spellcasting
 * Level 5.5 Conjurations


You had 8 spell levels left.
You knew the following spells:

 Your Spells              Type           Power        Failure   Level  Hunger
a - Magic Dart            Conj           ####         1%          1    None
b - Searing Ray           Conj           ####..       1%          2    #......


Dungeon Overview and Level Annotations

Branches:
Dungeon (3/15)

Altars:
Trog

Annotations:
D:3 bollicks1999's ghost, amateur MiFi


Message History

Here: bollicks1999's ghost (hasn't noticed you)
The floor.
There are monsters nearby!
Bollicks1999's ghost hits you!
Ouch! That really hurt!
You climb upwards.
There is a stone staircase leading down here.
You climb downwards.
Level annotation: bollicks1999's ghost, amateur MiFi Bollicks1999's ghost misses you.
Bollicks1999's ghost closely misses you.
The quokka bites you.
There is a stone staircase leading up, spattered with blood here.
You can't go down here!
The orc shouts!
The orc hits you with a hand axe. The quokka bites you.
* * * LOW HITPOINT WARNING * * *
Bollicks1999's ghost hits you!
Ouch! That really hurt!
You die...

#. ## #. ... #.
#...
####.#####..#
##.......#..#
#..........#
......Wr...#
..?....@o?.#
........<...#
..(........[oo.
.......g.##..l.
........#. ..r
#.......... ..
..##....... .
.. ..##.....


You could see bollicks1999's ghost, 3 orcs, a quokka, a goblin, a giant newt
(wandering) and a rat (wandering).

Vanquished Creatures
  2 adders (D:2)
  A gnoll (D:1)
  3 oozes (D:2)
  2 worms (D:2)
  3 giant cockroaches
  2 hobgoblins (D:1)
  12 jackals
  3 kobolds
  A ball python (D:1)
  7 bats
  A giant newt (D:1)
  5 goblins
  8 rats
50 creatures vanquished.

Notes
Turn   | Place    | Note
--------------------------------------------------------------
     0 | D:1      | veneficus the Deep Elf Conjurer began the quest for the Orb.
     0 | D:1      | Reached XP level 1. HP: 10/10 MP: 6/6
    52 | D:1      | Reached XP level 2. HP: 15/15 MP: 2/8
   437 | D:1      | Learned a level 2 spell: Searing Ray
   579 | D:1      | Reached skill level 5 in Conjurations
   730 | D:2      | Reached XP level 3. HP: 19/19 MP: 3/9
  1351 | D:2      | Noticed a moth of wrath
  1354 | D:2      | Found a bloodstained altar of Trog.
  1528 | D:2      | Reached XP level 4. HP: 24/24 MP: 9/12
  2045 | D:3      | Noticed bollicks1999's ghost (amateur MiFi)
  2050 | D:3      | Mangled by bollicks1999's ghost

Action                   |  1- 3 |  4- 6 || total
-------------------------+-------+-------++-------
Melee: Dagger            |    14 |       ||    14
 Cast: Magic Dart        |    73 |    21 ||    94
       Searing Ray       |    11 |     2 ||    13
  Use: Scroll            |     4 |       ||     4
  Eat: Royal jelly       |     1 |       ||     1
       Chunk             |       |     2 ||     2
